 Dungeon Crawl Stone Soup version 0.28-b1-1-g3c77fb2ed1 (webtiles) character file.

Game seed: 17466678065554730597

79 Descartes the Sneak (level 4, -6/37 HPs)
             Began as a Demonspawn Wanderer on Jan 28, 2022.
             Mangled by a wyvern zombie (11 damage)
             ... on level 3 of the Dungeon.
             The game lasted 00:04:10 (2567 turns).

Descartes the Sneak (Demonspawn Wanderer)           Turns: 2567, Time: 00:04:11

Health: -6/37      AC: 12    Str: 12    XL:     4   Next: 16%
Magic:  5/5        EV:  4    Int: 11    God:
Gold:   57         SH:  0    Dex: 17    Spells: 5/5 levels left

rFire   . . .      SeeInvis .   l - +2 dagger (venom)
rCold   . . .      Faith    .   (no shield)
rNeg    . . .      Spirit   .   r - +0 plate armour
rPois   .          Reflect  .   (no helmet)
rElec   .          Harm     .   q - +1 cloak
rCorr   .          Rampage  .   (no gloves)
Will    .....                   (no boots)
Stlth   ..........              f - amulet of the acrobat
HPRegen 0.12/turn               (no ring)
MPRegen 0.09/turn               (no ring)

@: no status effects
A: sturdy frame 1
a: no special abilities


You were on level 3 of the Dungeon.
You visited 1 branch of the dungeon, and saw 3 of its levels.

You collected 57 gold pieces.

Inventory:

Hand Weapons
 c - a +0 hunting sling
 l - a +2 dagger of venom (weapon)
Missiles
 d - 21 sling bullets
 m - 4 silver javelins (quivered)
 n - 32 stones
 o - 30 arrows
Armour
 j - a +0 leather armour
 p - a scarf of shadows
 q - a +1 cloak (worn)
 r - a +0 plate armour (worn)
Jewellery
 f - an amulet of the acrobat (around neck)
Scrolls
 g - 5 scrolls of identify {unknown}
 i - 3 scrolls of immolation {unknown}
 k - 3 scrolls of teleportation {unknown}
Potions
 a - a potion of mutation {unknown}
 b - a potion of berserk rage
 e - a potion of curing
 h - a potion of haste {unknown}


   Skills:
 + Level 4.2 Fighting
 - Level 1.0 Slings
 - Level 4.5 Stealth
 - Level 1.0 Spellcasting
 + Level 1.2 Hexes
 + Level 1.3 Necromancy
 + Level 1.1 Earth Magic


You had 5 spell levels left.
You didn't know any spells.
Your spell library contained the following spells:

 Spells                   Type           Power      Damage    Failure   Level
 Ensorcelled Hibernation  Hex/Ice        2%         N/A       100%        2
 Passwall                 Tmut/Erth      0%         N/A       100%        2
 Spider Form              Tmut/Pois      0%         N/A       100%        3
 Swiftness                Air            0%         N/A       100%        3
 Anguish                  Hex/Necr       1%         N/A       100%        4


Dungeon Overview and Level Annotations

Branches:
Dungeon (3/15)

Altars:
Uskayaw


Innate Abilities, Weirdness & Mutations

Your movements are slightly less encumbered by armour. (ER -2)


Message History

You are too injured to fight recklessly!
You are too injured to fight recklessly!
You are too injured to fight recklessly!
You are too injured to fight recklessly!
You are too injured to fight recklessly!
You are too injured to fight recklessly!
You are too injured to fight recklessly!
You are too injured to fight recklessly!
You are too injured to fight recklessly!
You are too injured to fight recklessly!
The wyvern zombie closely misses you.
You hit the wyvern zombie but do no damage.
The wyvern zombie is lightly damaged.
The wyvern zombie bites you but does no damage.
The wyvern zombie bites you.
* * * LOW HITPOINT WARNING * * *
You hit the wyvern zombie.
The wyvern zombie is lightly damaged.
You hit the endoplasm.
The endoplasm is lightly wounded.
You hit the endoplasm.
The endoplasm is almost dead.
The endoplasm freezes you.
You are frozen.
* * * LOW HITPOINT WARNING * * *
You hit the endoplasm but do no damage.
The endoplasm is almost dead.
The endoplasm hits you but does no damage.
You hit the endoplasm.
You kill the endoplasm!
You barely miss the wyvern zombie.
The wyvern zombie is lightly damaged.
The wyvern zombie barely misses you.
You barely miss the wyvern zombie.
The wyvern zombie is lightly damaged.
The wyvern zombie bites you but does no damage. x2
You hit the wyvern zombie but do no damage.
The wyvern zombie is lightly damaged.
The wyvern zombie bites you!
You die...

### #.. ..# #.# #.# ###
#.# #.# ..#####.#####.#
#.#..Z@....##.#
#####.#.###....##.#
#.......##....#.#.#
#.###.#####..###..#######
... #.## ##.......# .<...
##.###.######.# #.###.
#..#.## #.# # #. #+#.##
#.# #. ##...## #.#


You could see a wyvern zombie.

Vanquished Creatures
  3 adders
  4 worms (D:2)
  A dart slug (D:1)
  3 bats
  4 endoplasms
  A giant cockroach (D:2)
  5 goblins
  2 hobgoblins (D:2)
  A quokka (D:2)
  7 ball pythons
  2 kobolds
  6 rats
39 creatures vanquished.

Notes
Turn   | Place    | Note
-------+----------+-------------------------------------------
     0 | D:1      | Descartes the Demonspawn Wanderer began the quest for the
                  | Orb.
     0 | D:1      | Descartes set off with the following items: a +2 dagger, a
                  | potion of berserk rage, a +0 hunting sling, 21 sling
                  | bullets, a potion of curing, a +0 robe
     0 | D:1      | Reached XP level 1. HP: 18/18 MP: 2/2
   894 | D:1      | Gained mutation: Your movements are slightly less
                  | encumbered by armour. (ER -2) [demonic ancestry]
   894 | D:1      | Reached XP level 2. HP: 24/24 MP: 3/3
  1187 | D:2      | Reached XP level 3. HP: 12/30 MP: 4/4
  1444 | D:2      | Reached skill level 1 in Necromancy
  1522 | D:2      | Found a faded altar of an unknown god.
  1528 | D:2      | Prayed at the altar of an unknown god.
  1528 | D:2      | Became a worshipper of Uskayaw the Reveller
  1528 | D:2      | Reached * piety under Uskayaw
  1529 | D:2      | Fell from the grace of Uskayaw
  1999 | D:3      | Reached skill level 1 in Hexes
  2320 | D:3      | Reached skill level 1 in Earth Magic
  2337 | D:3      | Reached XP level 4. HP: 27/37 MP: 5/5
  2567 | D:3      | Mangled by a wyvern zombie

Illustrated notes

Levels and vault maps discovered:
D:1:      psy_arrival_dodecagon, layout_loops_ring
D:2:      layout_basic, shapermc_ecumenical_altar_notcrosses
D:3:      layout_loops_corners

Skill      XL: |  1  2  3 |
---------------+----------+-----
Fighting       | 4 |  4.2
Necromancy     | 1 |  1.3
Hexes          | 1 |  1.2
Earth Magic    | 1 |  1.1
Slings         | |  1.0
Stealth        | |  4.5
Spellcasting   | |  1.0

Action                   |  1- 3 |  4- 6 || total
-------------------------+-------+-------++-------
Melee: Dagger            |    97 |    18 ||   115
       Punch             |     2 |       ||     2
Invok: Renounce Religion |     1 |       ||     1
 Stab: Sleeping          |     9 |       ||     9
Armor: Leather armour    |    10 |       ||    10
       Robe              |     1 |       ||     1
       Plate armour      |     6 |     7 ||    13
Dodge: Dodged            |    41 |     3 ||    44
